 Dungeon Crawl Stone Soup version 0.27-a0-1322-gfdffb62a71 (webtiles) character file.

Game seed: 328876482186836253

408 Anon1729 the Sneak (level 7, -1/36 HPs)
             Began as a Kobold Air Elementalist on June 22, 2021.
             Slain by a black bear (4 damage)
             ... on level 5 of the Dungeon.
             The game lasted 00:06:27 (5436 turns).

Anon1729 the Sneak (Kobold Air Elementalist)        Turns: 5436, Time: 00:06:27

Health: -1/36      AC:  2    Str: 11    XL:     7   Next: 13%
Magic:  7/12       EV: 15    Int: 19    God:
Gold:   183        SH:  0    Dex: 15    Spells: 3/13 levels left

rFire    . . .     SeeInvis .   c - +0 short sword
rCold    . . .     Faith    .   (shield restricted)
rNeg     . . .     Spirit   .   a - +0 robe
rPois    .         Reflect  .   (no helmet)
rElec    .         Harm     .   (no cloak)
rCorr    .         Rampage  .   (no gloves)
Will     .....                  (no boots)
Stlth    ++++......             (no amulet)
HPRegen  0.12/turn              i - +6 ring of strength
MPRegen  0.13/turn              (no ring)

@: no status effects
A: small, no large weapons, nightstalker 3
a: no special abilities


You were on level 5 of the Dungeon.
You visited 1 branch of the dungeon, and saw 5 of its levels.

You collected 183 gold pieces.

Inventory:

Hand Weapons
 c - a +0 short sword (weapon)
Armour
 a - a +0 robe (worn)
Jewellery
 i - a +6 ring of strength (left hand)
Scrolls
 b - a scroll of magic mapping {unknown}
 e - 3 scrolls of identify {unknown}
 g - a scroll of immolation {unknown}
 h - a scroll of teleportation {unknown}
Potions
 d - a potion of berserk rage {unknown}
 f - 2 potions of heal wounds {unknown}


   Skills:
 - Level 2.4 Dodging
 + Level 5.3 Stealth
 + Level 3.8 Spellcasting
 + Level 3.2 Conjurations
 * Level 4.9 Air Magic


You had 3 spell levels left.
You knew the following spells:

 Your Spells              Type           Power      Damage    Failure   Level
a - Shock                 Conj/Air       76%        1d7       2%          1
b - Static Discharge      Conj/Air       19%        N/A       4%          2
c - Swiftness             Air            22%        N/A       5%          3
d - Airstrike             Air            11%        N/A       19%         4

Your spell library contained the following spells:

 Spells                   Type           Power      Damage    Failure   Level
 Magic Dart               Conj           64%        1d6       3%          1
 Searing Ray              Conj           32%        3d4       5%          2
 Dazzling Flash           Conj/Hex       18%        N/A       22%         3
 Confusing Touch          Hex            3%         N/A       38%         3
 Gell's Gravitas          Tloc           1%         N/A       38%         3
 Fulminant Prism          Conj/Hex       4%         3d6       56%         4
 Iskenderun's Mystic Bla  Conj/Tloc      9%         2d4       56%         4
 Lightning Bolt           Conj/Air       9%         1d22      58%         5
 Petrify                  Tmut/Erth      3%         N/A       80%         4
 Metabolic Englaciation   Hex/Ice        1%         N/A       98%         5
 Yara's Violent Unravell  Hex/Tmut       1%         3d3       98%         5


Dungeon Overview and Level Annotations

Branches:
Dungeon (5/15)
 Temple: D:4-7

Altars:
Cheibriados


Innate Abilities, Weirdness & Mutations

You are small and have problems with some larger weapons.
You are completely attuned to the shadows.


Message History

Casting: Shock (safe; 2% risk of failure)
Confirm with . or Enter, or press ? or * to list all spells.
Aiming: Shock (safe; 2% risk of failure)
Press: ? - help, Shift-Dir - straight line The zap hits the black bear.
The black bear is heavily wounded.
The zap hits the black bear.
The black bear is heavily wounded.
The black bear closely misses you. The black bear barely misses you.
The black bear misses you.
Casting: Shock (safe; 2% risk of failure)
Confirm with . or Enter, or press ? or * to list all spells.
Aiming: Shock (safe; 2% risk of failure)
Press: ? - help, Shift-Dir - straight line The zap hits the black bear.
The black bear is heavily wounded.
The zap hits the black bear.
The black bear is severely wounded.
The black bear bites you. The black bear misses you. x2
Casting: Shock (safe; 2% risk of failure)
Confirm with . or Enter, or press ? or * to list all spells.
Aiming: Shock (safe; 2% risk of failure)
Press: ? - help, Shift-Dir - straight line The zap hits the black bear.
The black bear is severely wounded.
The zap hits the black bear.
The black bear is severely wounded.
The black bear goes berserk!
Casting: Shock (safe; 2% risk of failure)
Confirm with . or Enter, or press ? or * to list all spells.
Aiming: Shock (safe; 2% risk of failure)
Press: ? - help, Shift-Dir - straight line The zap misses the black bear.
The zap hits the black bear.
The black bear is almost dead.
The black bear bites you! The black bear misses you. The black bear claws you.
* * * LOW HITPOINT WARNING * * *
The black bear barely misses you. The black bear claws you.
* * * LOW HITPOINT WARNING * * *
The black bear claws you.
You die...

#.#.#........#.#### #
#.#....#..........## #
#.###.##...........#######
#.##.###.....#.##.........
#..............##.########
####.###.#...####.# #
##.##.#..#####.# #
##.#.#........# #
##..@.########
######.#h######
#......#......#
#.###########.# #.# #.#
#.# #h# ####.##### #.#
.........#
####.###.#######


You could see a black bear (berserk).

Vanquished Creatures
  A scorpion (D:5)
  A water moccasin zombie (D:5)
  A water moccasin skeleton (D:5)
  A jelly (D:4)
  An orc priest (D:4)
  A bullfrog skeleton (D:5)
  2 gnolls
  6 adders (D:2)
  An adder skeleton (D:4)
  3 worms
  2 dart slugs (D:3)
  3 orcs
  3 bats
  4 endoplasms
  10 goblins
  7 hobgoblins
  3 jackals (D:1)
  6 kobolds
  5 ball pythons
  3 frilled lizards
  4 rats
68 creatures vanquished.

Notes
Turn   | Place    | Note
-------+----------+-------------------------------------------
     0 | D:1      | Anon1729 the Kobold Air Elementalist began the quest for
                  | the Orb.
     0 | D:1      | Reached XP level 1. HP: 10/10 MP: 3/3
   308 | D:1      | Reached XP level 2. HP: 15/15 MP: 0/5
   378 | D:1      | Reached skill level 3 in Stealth
  1355 | D:2      | Reached XP level 3. HP: 19/19 MP: 4/6
  1781 | D:2      | Reached XP level 4. HP: 24/24 MP: 3/8
  2423 | D:2      | Reached skill level 4 in Stealth
  2639 | D:2      | Reached XP level 5. HP: 28/28 MP: 5/9
  3069 | D:3      | Learned a level 2 spell: Static Discharge
  3073 | D:3      | Learned a level 3 spell: Swiftness
  3161 | D:3      | Learned a level 4 spell: Airstrike
  3681 | D:3      | Found a snail-covered altar of Cheibriados.
  4231 | D:4      | Reached XP level 6. HP: 32/32 MP: 3/11
  4331 | D:5      | Entered Level 5 of the Dungeon
  4905 | D:5      | Reached skill level 5 in Stealth
  5011 | D:5      | Reached XP level 7. HP: 3/36 MP: 0/12
  5436 | D:5      | Slain by a black bear

Illustrated notes

Levels and vault maps discovered:
D:1:      ncdulo_lavacross, layout_loops_corners
D:2:      layout_basic
D:3:      layout_loops_ring, lemuel_coloured_pillars_altar
D:4:      layout_rooms, grunt_temple_overflow_open, hangedman_minor_gate_pass
D:5:      layout_loops_ring, grunt_decor_fettered, minmay_misc_feat_enclosed,
          uniq_grinder

Skill      XL: |  1  2  3  4  5  6 |
---------------+-------------------+-----
Stealth        | 3 4 5 |  5.3
Conjurations   | 2 3 |  3.2
Spellcasting   | 3 |  3.8
Air Magic      | 4 |  4.9
Dodging        | |  2.4

Action                   |  1- 3 |  4- 6 |  7- 9 || total
-------------------------+-------+-------+-------++-------
Melee: Unarmed           |     2 |       |       ||     2
       Short sword       |    31 |    21 |       ||    52
 Cast: Shock             |    37 |   126 |     5 ||   168
       Airstrike         |       |     4 |       ||     4
       Static Discharge  |       |     2 |       ||     2
 Stab: Sleeping          |     3 |       |       ||     3
Armor: Robe              |    10 |     6 |       ||    16
Dodge: Dodged            |    45 |    57 |     8 ||   110

Table legend: (Time is in decaauts)
 A = Elapsed time spent in this place.
 B = Non-inter-level travel time spent in this place.
 C = Inter-level travel time spent in this place.
 D = Time resting spent in this place.
 E = Time spent auto-exploring this place.
 F = Levels seen in this place.
 G = Mean time per level.
                   A        B        C        D        E       F      G
               +--------+--------+--------+--------+--------+-----+--------+
         Total |   5440 |   5388 |     52 |   1143 |   3804 |   5 | 1088.0 |
       Dungeon |   5440 |   5388 |     52 |   1143 |   3804 |   5 | 1088.0 |
               +--------+--------+--------+--------+--------+-----+--------+

Top non-repeatable levels by time:
     D:2: 1500 daAuts
     D:1: 1346 daAuts
     D:3: 1292 daAuts
     D:5: 1104 daAuts
     D:4: 196 daAuts
